 Dungeon Crawl Stone Soup version 0.28-a0-429-g1448048969 (webtiles) character file.

Game seed: 1455498896357466733

161 bande the Covered (level 5, -8/33 HPs)
             Began as a Gargoyle Fighter on Sept 10, 2021.
             Killed from afar by a gnoll (17 damage)
             ... with a bolt of acid
             ... on level 4 of the Dungeon.
             The game lasted 00:03:10 (2250 turns).

bande the Covered (Gargoyle Fighter)                Turns: 2250, Time: 00:03:10

Health: -8/33      AC: 12    Str: 20    XL:     5   Next: 42%
Magic:  5/5        EV:  9    Int:  8    God:
Gold:   95         SH:  5    Dex: 10    Spells: 4/4 levels left

rFire   . . .      SeeInvis .   a - +0 war axe
rCold   . . .      Faith    .   c - +1 buckler
rNeg    + . .      Spirit   .   b - +0 scale mail
rPois   ∞          Reflect  .   (no helmet)
rElec   +          Harm     .   (no cloak)
rCorr   +          Rampage  .   (no gloves)
Will    .....                   k - +0 pair of boots
Stlth   ..........              (no amulet)
HPRegen 0.11/turn               i - ring of resist corrosion
MPRegen 0.09/turn               (no ring)

@: no status effects
A: sickness immunity, AC +4, negative energy resistance 1, electricity
resistance, torment resistance 1, petrification resistance
a: no special abilities


You were on level 4 of the Dungeon.
You visited 1 branch of the dungeon, and saw 4 of its levels.

You collected 95 gold pieces.

Inventory:

Hand Weapons
 a - a +0 war axe (weapon)
Armour
 b - a +0 scale mail (worn)
 c - a +1 buckler (worn)
 k - a +0 pair of boots (worn)
Jewellery
 i - a ring of resist corrosion (left hand)
Scrolls
 e - a scroll of fear
Potions
 d - a potion of might
 f - 3 potions of heal wounds
 g - a potion of berserk rage
 h - a potion of curing {unknown}


   Skills:
 + Level 4.0 Fighting
 + Level 3.5 Axes
 + Level 4.1 Armour
 + Level 0.5 Dodging
 + Level 3.8 Shields


You had 4 spell levels left.
You didn't know any spells.
Your spell library was empty.

Dungeon Overview and Level Annotations

Branches:
Dungeon (4/15)
 Temple: D:4-7

Altars:


Innate Abilities, Weirdness & Mutations

You are immune to sickness and miasma.
Your stone body is resilient. (AC +4)
You are immune to poison.
You resist negative energy. (rN+)
You are resistant to electric shocks. (rElec)
You are resistant to unholy torment.
You are immune to petrification.


Message History

As you open the large door, it creaks loudly!
A hobgoblin comes into view.
The hobgoblin shouts!
You hear a bark!
An endoplasm comes into view.
Found 95 gold pieces.
There are monsters nearby!
A giant cockroach comes into view.
The endoplasm quivers.
A dart slug comes into view.
There is a large open door here.
A gnoll comes into view.
It is wielding a +0 halberd and carrying a wand of acid (8).
The gnoll shouts!
The hobgoblin misses you.
You slash the hobgoblin!
You kill the hobgoblin!
You hit the giant cockroach.
You kill the giant cockroach!
You hit the endoplasm. The endoplasm freezes you.
You are frozen.
The endoplasm barely misses you. The dart slug launches a dart at you.
The slug dart hits you.
You hit the endoplasm.
The endoplasm is moderately wounded.
You block the endoplasm's attack.
You completely miss the endoplasm.
The endoplasm is moderately wounded.
You hit the dart slug. The endoplasm freezes you.
You are frozen.
The gnoll misses you.
You slash the dart slug!
You kill the dart slug!
You slash the endoplasm!
You kill the endoplasm!
The gnoll zaps a wand.
The bolt of acid hits you! You resist.
Ouch! That really hurt!
* * * LOW HITPOINT WARNING * * *
The gnoll zaps a wand.
The bolt of acid hits you! You resist.
Ouch! That really hurt!
You die...

#....... #+#### ##.......
##....## ##........
##......## ##.........
#..#$$#..###.......... ..
#..$##$..#............
.....#..$##$..#............
.....#..#$$#g.#............
......##...@..##............
.......##....##.............
.......)##''##.######.......
.........#..#### ####.......
............# ###..........
..........### #............
.........## #............
........##### ##..........#
.#......##..## #####.>...##


You could see a gnoll.

Vanquished Creatures
  A phantom (D:4)
  A hound (D:4)
  A worm (D:2)
  3 dart slugs
  6 endoplasms
  A giant cockroach (D:4)
  7 goblins
  5 hobgoblins
  4 jackals (D:1)
  2 kobolds
  5 quokkas
  5 ball pythons
  2 bats
  4 rats
47 creatures vanquished.

Notes
Turn   | Place    | Note
-------+----------+-------------------------------------------
     0 | D:1      | bande the Gargoyle Fighter began the quest for the Orb.
     0 | D:1      | Reached XP level 1. HP: 14/14 MP: 1/1
   170 | D:1      | Reached XP level 2. HP: 19/19 MP: 2/2
   321 | D:1      | Found a faded altar of an unknown god.
   598 | D:1      | Reached XP level 3. HP: 23/23 MP: 3/3
  1999 | D:4      | Reached XP level 4. HP: 25/29 MP: 4/4
  2180 | D:4      | Noticed a phantom
  2197 | D:4      | Killed a phantom
  2198 | D:4      | Reached XP level 5. HP: 33/33 MP: 5/5
  2250 | D:4      | Killed from afar by a gnoll

Illustrated notes

Levels and vault maps discovered:
D:1:      lightli_arrival_noodles, layout_loops_ring,
          hellmonk_ecumenical_altar_blasted, amcnicky_mini_pool_small
D:2:      layout_loops_ring, serial_co_window_serial, co_window_paths_a,
          co_window_corner_a, co_window_cross_1, co_window_paths_a,
          co_window_of_opportunity_a, co_window_paths_b, co_window_paths_b,
          co_window_corner_ca, co_window_broadway_b, co_window_corner_b,
          co_window_broadway_a, glass_columns_a, glass_columns_b,
          glass_columns_a, minmay_pentomino_x4
D:3:      minmay_chambers_of_threes, layout_loops_corners,
          lemuel_coloured_pillars_altar, amethyst_overflow_temple_binary,
          chequers_big_river, kennysheep_potato
D:4:      minmay_polygon_palace, layout_cave_pods, uniq_ijyb, uniq_robin

Skill      XL: |  1  2  3  4 |
---------------+-------------+-----
Axes           | 2 3 |  3.5
Fighting       | 4 |  4.0
Armour         | 4 |  4.1
Dodging        | |  0.5
Shields        | |  3.8

Action                   |  1- 3 |  4- 6 || total
-------------------------+-------+-------++-------
Melee: War axe           |   125 |    20 ||   145
  Use: Scroll            |     5 |     1 ||     6
       Potion            |       |     1 ||     1
Armor: Scale mail        |    71 |     8 ||    79
Dodge: Dodged            |    66 |     9 ||    75
Block: Buckler           |    31 |     3 ||    34

Table legend: (Time is in decaauts)
 A = Elapsed time spent in this place.
 B = Non-inter-level travel time spent in this place.
 C = Inter-level travel time spent in this place.
 D = Time resting spent in this place.
 E = Time spent auto-exploring this place.
 F = Levels seen in this place.
 G = Mean time per level.
                   A        B        C        D        E       F      G
               +--------+--------+--------+--------+--------+-----+--------+
         Total |   2305 |   2280 |     25 |      0 |   1825 |   4 |  576.2 |
       Dungeon |   2305 |   2280 |     25 |      0 |   1825 |   4 |  576.2 |
               +--------+--------+--------+--------+--------+-----+--------+

Top non-repeatable levels by time:
     D:2: 1046 daAuts
     D:1: 977 daAuts
     D:4: 274 daAuts
     D:3: 6 daAuts
